 Dungeon Crawl Stone Soup version bcrawl-1.21.3-2-g9d8a61a446 (webtiles) character file.

Game seed: 1478538138507301406

1168 funkygono the Cudgeler (level 8, -1/49 HPs)
             Began as a Gargoyle Fighter on Apr 16, 2020.
             Killed by Freeze
             ... invoked by ioannis32's ghost
              (5 damage)
             ... on level 5 of the Dungeon.
             The game lasted 00:09:12 (4260 turns).

funkygono the Cudgeler (Gargoyle Fighter)           Turns: 4260, Time: 00:09:12

Health: -1/49      AC: 20    Str: 25    XL:     8   Next: 40%
Magic:  8/8        EV:  7    Int:  9    God:
Gold:   215        SH: 10    Dex:  9    Spells: 7/7 levels left

rFire    . . .     SeeInvis .   a - +1 flail
rCold    + . .     Gourm    .   c - +0 medium shield
rNeg     + . .     Faith    .   w - +0 chain mail {rC+}
rPois    ∞         Spirit   .   (no helmet)
rElec    +         Reflect  .   n - +1 cloak
rCorr    .         Harm     .   b - +1 pair of gloves {Str+3}
MR       .....                  (no boots)
Stlth    ..........             (no amulet)
HPRegen  0.16/turn              k - +3 ring of slaying
MPRegen  0.11/turn              (no ring)

@: no status effects
A: negative energy resistance 1, electricity resistance, unbreathing,
petrification resistance, rot immunity, AC +5
a: no special abilities


You were on level 5 of the Dungeon.
You were not hungry.

You visited 1 branch of the dungeon, and saw 5 of its levels.

You collected 215 gold pieces.

Inventory:

Hand Weapons
 a - a +1 flail (weapon)
 f - a +2 dire flail of holy wrath
 m - a +4 quarterstaff of chaos
Missiles
 h - 1664 stones (quivered)
 p - 155 arrows
Armour
 b - a +1 pair of gloves of strength (worn)
 c - a +0 medium shield (worn)
 n - a +1 cloak (worn)
 w - a +0 chain mail of cold resistance (worn)
Jewellery
 k - a +3 ring of slaying (left hand)
 y - an uncursed ring of magical power {unknown}
Wands
 l - a wand of flame (8)
 u - a wand of iceblast (7)
 v - a wand of disintegration (11)
Scrolls
 g - 2 scrolls of teleportation
 o - 2 scrolls of amnesia
 q - a scroll of identify
 s - 2 scrolls of blinking
Potions
 d - 2 potions of might
 i - a potion of brilliance
 j - a potion of agility
 r - 2 potions of flight
 t - a potion of degeneration
 x - a potion of heal wounds {unknown}
 z - a potion of lignification {unknown}
Comestibles
 e - 8 rations {!d}


   Skills:
 + Level 5.2 Fighting
 + Level 6.4 Maces & Flails
 + Level 5.3 Armour
 + Level 1.8 Dodging
 + Level 0.5 Stealth
 + Level 5.9 Shields


You had 7 spell levels left.
You didn't know any spells.
Your spell library was empty.

Dungeon Overview and Level Annotations

Branches:
Dungeon (5/12)
 Temple: D:4-7

Altars:
Gozag
Hepliaklqana
Qazlal
Trog
Vehumet
Wu Jian
Xom
Yredelemnul
The Shining One

Shops:
D:4 !

Annotations:
D:4 Grinder
D:5 ioannis32's ghost, novice HuRe


Innate Abilities, Weirdness & Mutations

You are resistant to torment.
Your stone body is resilient. (AC +5)
You are immune to poison.
You resist negative energy. (rN+)
You are resistant to electric shocks. (rElec)
You can survive without breathing.
You are immune to petrification.
You are immune to rotting.


Message History

You are frozen.
You miss ioannis32's ghost.
Ioannis32's ghost is moderately damaged.
Ioannis32's ghost whispers, "The ORB doesn't exist."
Ioannis32's ghost points at you and mumbles some strange words.
You are frozen.
* * * LOW HITPOINT WARNING * * *
You miss ioannis32's ghost.
Ioannis32's ghost is moderately damaged.
Ioannis32's ghost casts a spell at you.
You are frozen.
* * * LOW HITPOINT WARNING * * *
You closely miss ioannis32's ghost.
Ioannis32's ghost is moderately damaged.
Ioannis32's ghost hits you but does no damage.
Your shield and chain mail prevent you from hitting ioannis32's ghost.
Ioannis32's ghost is moderately damaged.
Ioannis32's ghost casts a spell at you.
You are frozen.
You die...

#...## #. #..## #.
##..## ### ## #....#
####.≈## #. ##...##
#.#≈.#.##### #.
##...8#####
##.#.8..##..### ##.
##.....#...#
#..'..≈)≈#....###..
#........_.#
#..W≈#..#####......
##.....#...#
#.@#....≈# ##.....
#....8#####
##..#≈..### ###...
##...## #..##.##≈#
##.. #...# #.## ##
### ####.. #..## #.##
##.#####..... #..##
###.# ##....#.......
#...##
#..#####.............
#....#
##..##...#######.....
##..## #..#.#...#
###...


You could see ioannis32's ghost.

Vanquished Creatures
  Eustachio (D:4)
  Edmund (D:4)
  Duvessa (D:4)
  A sky beast (D:5)
  An ice beast (D:3)
  An ogre (D:5)
  Blork the orc (D:5)
  Dowan (D:4)
  A howler monkey (D:5)
  2 crimson imps (D:4)
  Crazy Yiuf (D:2)
  A bullfrog skeleton (D:5)
  Terence (D:2)
  3 worker ants
  4 gnolls (D:4)
  3 adders
  2 oozes
  An adder zombie (D:4)
  An adder skeleton (D:2)
  4 dart slugs
  6 leopard geckos
  2 orcs (D:4)
  4 bats
  6 giant cockroaches
  7 goblins
  3 hobgoblins
  7 jackals
  4 kobolds
  3 quokkas
  2 ball pythons
  2 frilled lizards
78 creatures vanquished.

Notes
Turn   | Place    | Note
-------+----------+-------------------------------------------
     0 | D:1      | funkygono the Gargoyle Fighter began the quest for the Orb.
     0 | D:1      | Reached XP level 1. HP: 14/14 MP: 1/1
   183 | D:1      | Reached XP level 2. HP: 20/20 MP: 2/2
   607 | D:1      | Reached XP level 3. HP: 18/24 MP: 3/3
  1097 | D:2      | Noticed Terence
  1101 | D:2      | Killed Terence
  1101 | D:2      | Reached XP level 4. HP: 29/29 MP: 4/4
  1170 | D:2      | Found a shimmering altar of Xom.
  1210 | D:2      | Found a faded altar of an unknown god.
  1279 | D:2      | Found a runed door.
  1283 | D:2      | Noticed Crazy Yiuf
  1287 | D:2      | Killed Crazy Yiuf
  1413 | D:2      | Reached skill level 3 in Maces & Flails
  1418 | D:2      | Found a basalt altar of Yredelemnul.
  1454 | D:2      | Found an ornate altar of the Wu Jian Council.
  1742 | D:2      | Found a hazy altar of Hepliaklqana.
  1742 | D:2      | Found a radiant altar of Vehumet.
  1934 | D:3      | Noticed an ice beast
  1941 | D:3      | Killed an ice beast
  1941 | D:3      | Reached skill level 1 in Dodging
  1941 | D:3      | Reached XP level 5. HP: 33/33 MP: 5/5
  2118 | D:3      | Reached XP level 6. HP: 38/38 MP: 6/6
  2452 | D:4      | Noticed Eustachio
  2482 | D:4      | Killed Eustachio
  2482 | D:4      | Reached skill level 4 in Maces & Flails
  2730 | D:4      | Noticed Edmund
  2749 | D:4      | Killed Edmund
  2749 | D:4      | Reached skill level 5 in Shields
  2749 | D:4      | Reached XP level 7. HP: 36/44 MP: 7/7
  3014 | D:4      | Found Acaorohif's Distillery.
  3105 | D:4      | Reached skill level 5 in Maces & Flails
  3105 | D:4      | Reached skill level 5 in Armour
  3288 | D:4      | Noticed Duvessa
  3288 | D:4      | Noticed Dowan
  3298 | D:4      | Killed Duvessa
  3318 | D:4      | Killed Dowan
  3626 | D:4      | Found an opulent altar of Gozag.
  3628 | D:4      | Found a stormy altar of Qazlal.
  3662 | D:4      | Noticed Grinder
  3692 | D:5      | Entered Level 5 of the Dungeon
  3744 | D:5      | Reached skill level 5 in Fighting
  3744 | D:5      | Reached XP level 8. HP: 49/49 MP: 8/8
  3752 | D:5      | Found a bloodstained altar of Trog.
  3879 | D:5      | Found a glowing golden altar of the Shining One.
  3936 | D:5      | Reached skill level 6 in Maces & Flails
  3985 | D:5      | Noticed Blork the orc
  3990 | D:5      | Killed Blork the orc
  4239 | D:5      | Found a large runed translucent door.
  4239 | D:5      | Found a large runed translucent door.
  4240 | D:5      | Noticed ioannis32's ghost (novice HuRe)
  4260 | D:5      | Killed from afar by ioannis32's ghost

Skill      XL: |  1  2  3  4  5  6  7  8 |
---------------+-------------------------+-----
Fighting       | 4 5 |  5.2
Shields        | 4 5 |  5.9
Maces & Flails | 3 4 5 6 |  6.4
Armour         | 4 5 |  5.3
Dodging        | 1 |  1.8
Stealth        | |  0.5

Action                   |  1- 3 |  4- 6 |  7- 9 || total
-------------------------+-------+-------+-------++-------
Melee: Flail             |   109 |   115 |   112 ||   336
  Use: Scroll            |     2 |     6 |     2 ||    10
  Eat: Chunk             |       |     6 |     3 ||     9
       Ration            |       |       |     1 ||     1
Armor: Scale mail        |    73 |   113 |       ||   186
       Chain mail        |       |       |    55 ||    55
Dodge: Dodged            |    39 |    63 |    23 ||   125
Block: Medium shield     |    69 |    81 |    47 ||   197
